Rangers vs Golden Knights

Created - April 19, 2023 at 20:18

Goals
1 2 3 T
Rangers 2 2 0 4
Golden Knights 0 2 1 3
Shots
1 2 3 T
Rangers 12 18 6 36
Golden Knights 10 16 11 37

1st period

1. Rangers , Stefan Noesen 6 (T.J Galiardi 11, Patrik Nemeth 12) at 4:39
2. Rangers , Richard Panik 8 (Chris Mcallister 11, Maxime Sauvé 6) at 11:02

Penalties :
No Penalty

2nd period

3. Rangers , Milan Lucic 34 (Sean Couturier 56) at 8:34 (PP)
4. Golden Knights , Christopher Tanev 1 (Andrew Cogliano 24) at 9:48
5. Golden Knights , Lawson Crouse 6 (Olli Maatta 15, Kyle Rau 6) at 11:02
6. Rangers , Devante Smith-Pelly 29 (Ondrej Palat 11, Brett Ponich 5) at 13:02

Penalties :
Christopher Tanev (Veg) for High sticking (Minor) at 8:20

3rd period

7. Golden Knights , Andrew Cogliano 17 (Zach Bogosian 36) at 6:08

Penalties :
Ryan Strome (NyR) for Hooking (Minor) at 12:56

Goalie Stats

Frederik Andersen (NyR), 34 saves from 37 shots - (0.919), W, 16-22-4, 60:00 minutes
Ondrej Pavelec (Veg), 32 saves from 36 shots - (0.889), L, 30-21-1, 58:52 minutes

Players Stats for Rangers

Player Name              G  A  P  +/- PIM S  H  SB GA TA FO     MP     PP MP  PK MP  
------------------------------------------------------------------------------------
Brett Ponich             0  1  1   2  0   1  0  0  0  1  0/0    14:07   0:00   0:00 
Cale Makar               0  0  0  -3  0   4  0  3  1  2  0/0    24:00   0:02   0:00 
Chris Mcallister         0  1  1   0  0   2  2  0  2  0  0/0    14:06   0:00   1:05 
Devante Smith-Pelly      1  0  1   1  0   3  2  0  0  0  0/0    16:31   0:02   0:29 
Dmitry Kulikov           0  0  0   1  0   2  1  2  0  0  0/0    20:59   0:12   1:07 
Henrik Samuelsson        0  0  0   0  0   1  1  0  1  0  1/2    10:10   0:00   0:09 
Jake McCabe              0  0  0  -3  0   1  1  1  1  0  0/0    26:14   0:12   1:07 
Josh Gorges              0  0  0   2  0   0  0  0  0  0  0/0    15:01   0:00   0:52 
Maxime Sauvé             0  1  1   0  0   2  0  0  0  1  1/4    12:10   0:00   0:17 
Milan Lucic              1  0  1  -1  0   5  0  1  1  1  1/2    20:44   0:14   0:37 
Ondrej Palat             0  1  1   1  0   1  2  0  0  1  1/1    16:00   0:00   0:00 
Patrik Nemeth            0  1  1   1  0   1  2  0  0  0  0/0    19:37   0:00   0:52 
Richard Panik            1  0  1   0  0   3  1  0  0  0  0/0    11:51   0:00   0:00 
Ryan Strome              0  0  0  -1  2   3  1  0  0  0  1/1    18:58   0:14   0:00 
Sean Couturier           0  1  1  -1  0   2  1  1  0  0  11/32  21:11   0:14   1:04 
Stefan Noesen            1  0  1   0  0   4  1  0  0  0  0/0    10:01   0:00   0:00 
T.J Galiardi             0  1  1   0  0   0  0  0  0  0  0/0    10:20   0:00   0:17 
Tomas Hertl              0  0  0   1  0   1  1  0  1  0  4/11   16:00   0:00   0:00 

Players Stats for Golden Knights

Player Name              G  A  P  +/- PIM S  H  SB GA TA FO     MP     PP MP  PK MP  
------------------------------------------------------------------------------------
Alexander Radulov        0  0  0   1  0   0  2  0  0  0  0/1    16:30   0:53   0:00 
Andrei Loktionov         0  0  0   1  0   2  4  0  0  1  7/14   16:30   0:53   0:00 
Andrew Cogliano          1  1  2   1  0   3  1  0  1  1  0/1    16:30   0:53   0:00 
Anton Lindholm           0  0  0   0  0   0  1  1  0  0  0/0    15:57   0:00   0:00 
Christopher Tanev        1  0  1   1  2   1  1  0  0  2  0/0    18:48   0:40   0:00 
Jake Guentzel            0  0  0  -2  0   5  2  0  1  0  0/0    21:01   1:06   0:14 
Jamie Benn               0  0  0   0  0   1  2  0  0  0  0/0    12:49   0:00   0:00 
Jamie Oleksiak           0  0  0   0  0   0  2  2  0  0  0/0    15:57   0:00   0:00 
Jordan Eberle            0  0  0  -2  0   3  1  0  0  0  2/3    20:47   1:06   0:00 
Kyle Rau                 0  1  1   0  0   0  0  0  0  1  3/3    12:49   0:00   0:00 
Lawson Crouse            1  0  1   1  0   4  0  0  0  0  0/0     9:40   0:00   0:00 
Luke Glendening          0  0  0   1  0   3  0  0  0  0  0/0     9:40   0:00   0:00 
Mathew Dumba             0  0  0  -1  0   3  2  3  0  0  0/0    25:14   1:19   0:14 
Olli Maatta              0  1  1   1  0   0  4  4  1  1  0/0    18:49   0:40   0:00 
Steven Stamkos           0  0  0  -2  0   9  1  0  1  0  19/28  21:01   1:06   0:14 
Tom Wilson               0  0  0   0  0   0  2  0  2  0  0/1    12:49   0:00   0:00 
Tomas Nosek              0  0  0   1  0   0  0  0  0  0  2/2     9:40   0:00   0:00 
Zach Bogosian            0  1  1  -1  0   3  1  1  0  1  0/0    25:14   1:19   0:14 

3 Stars

1 - Andrew Cogliano (Veg)
2 - Devante Smith-Pelly (NyR)
3 - Olli Maatta (Veg)

Power Play

Rangers - 1 on 1 Attempt(s) - 100.00%
Golden Knights - 0 on 1 Attempt(s) - 0.00%

Penalty Kill

Rangers - 1 on 1 Attempt(s) - 100.00% - Score 0 goal in Penalty Kill
Golden Knights - 0 on 1 Attempt(s) - 0.00% - Score 0 goal in Penalty Kill

Team Stat

Rangers - Hits : 16 - Faceoff Wins : 20 - Blocked Shots : 8 - Penalty Minutes : 2
Golden Knights - Hits : 26 - Faceoff Wins : 33 - Blocked Shots : 11 - Penalty Minutes : 2

Official

Referees : Mitch Dunning and Chris Schlenker
Linesman : Derek Amell and Steve Miller

Game Notes

No Game Note

Finance

Level 1 -- Attendance: 6000 (100.00%) -- Ticket Income $600,000
Level 2 -- Attendance: 5000 (100.00%) -- Ticket Income $300,000
Level 3 -- Attendance: 1806 (90.30%) -- Ticket Income $63,210
Level 4 -- Attendance: 3580 (89.50%) -- Ticket Income $89,500
Luxury Box -- Attendance: 1000 (100.00%) -- Ticket Income $200,000
Game was played at the T-Mobile Arena.
Total Attendance: 17386 (96.59%)
Total Ticket Income: $1,252,710
Other Income: $187,906
Total Income: $1,440,616

Rangers

5 vs 5 Forward 
   Center                   Left Wing                Right Wing               Time % Phy DF OF 
 1 Sean Couturier           Milan Lucic              Ryan Strome              40     1   2  2  
 2 Tomas Hertl              Ondrej Palat             Devante Smith-Pelly      30     1   2  2  
 3 Maxime Sauvé             Chris Mcallister         Richard Panik            20     1   2  2  
 4 Henrik Samuelsson        T.J Galiardi             Stefan Noesen            10     1   2  2  

5 vs 5 Defense 
   Defense                  Defense                                           Time % Phy DF OF 
 1 Cale Makar               Jake McCabe                                       40     1   2  2  
 2 Dmitry Kulikov           Patrik Nemeth                                     30     1   2  2  
 3 Josh Gorges              Brett Ponich                                      20     1   2  2  
 4 Cale Makar               Jake McCabe                                       10     1   2  2  

PowerPlay Forward 
   Center                   Left Wing                Right Wing               Time % Phy DF OF 
 1 Sean Couturier           Milan Lucic              Ryan Strome              60     1   1  3  
 2 Tomas Hertl              Ondrej Palat             Stefan Noesen            40     1   1  3  

PowerPlay Defense
   Defense                  Defense                                           Time % Phy DF OF 
 1 Cale Makar               Devante Smith-Pelly                               60     1   1  3  
 2 Dmitry Kulikov           Jake McCabe                                       40     1   1  3  

Penalty Kill 4 Players Forward 
   Center                   Wing                     Time % Phy DF OF 
 1 Sean Couturier           Chris Mcallister         60     1   3  1  
 2 Maxime Sauvé             T.J Galiardi             40     1   3  1  

Penalty Kill 4 Players Defense
   Defense                  Defense                  Time % Phy DF OF 
 1 Dmitry Kulikov           Jake McCabe              60     1   3  1  
 2 Josh Gorges              Patrik Nemeth            40     1   3  1  

Penalty Kill - 3 Players Forward 
   Forward                                           Time % Phy DF OF 
 1 Sean Couturier                                    60     1   3  1  
 2 Chris Mcallister                                  40     1   3  1  

Penalty Kill - 3 Players Defense
   Defense                  Defense                  Time % Phy DF OF 
 1 Dmitry Kulikov           Jake McCabe              60     1   3  1  
 2 Josh Gorges              Patrik Nemeth            40     1   2  2  

4 vs 4 Forward 
   Center                   Wing                     Time % Phy DF OF 
 1 Sean Couturier           Milan Lucic              60     1   2  2  
 2 Tomas Hertl              Chris Mcallister         40     1   2  2  

4 vs 4 Defense
   Defense                  Defense                  Time % Phy DF OF 
 1 Dmitry Kulikov           Jake McCabe              60     1   2  2  
 2 Josh Gorges              Patrik Nemeth            40     1   2  2  

Last Minutes Offensive
   Center                   Left Wing                Right Wing               Defense                  Defense                  
   Sean Couturier           Milan Lucic              Devante Smith-Pelly      Cale Makar               Jake McCabe              

Last Minutes Defensive
   Center                   Left Wing                Right Wing               Defense                  Defense                  
   Sean Couturier           Milan Lucic              Chris Mcallister         Dmitry Kulikov           Jake McCabe              

Goaltenders
Starting : Frederik Andersen        
Backup : Samuel Montembeault      

Extra Forwards
Normal : Devante Smith-Pelly, Chris Mcallister, Ondrej Palat - PP : Devante Smith-Pelly, Chris Mcallister - PK : Devante Smith-Pelly
Extra Defensemen
Normal : Patrik Nemeth, Brett Ponich, Cale Makar - PP : Patrik Nemeth - PK : Patrik Nemeth, Brett Ponich
Penalty Shots
Milan Lucic, Sean Couturier, Tomas Hertl, Ryan Strome, Devante Smith-Pelly

Scratches
Magnus Paajarvi (Healthy)

Golden Knights

5 vs 5 Forward 
   Center                   Left Wing                Right Wing               Time % Phy DF OF 
 1 Steven Stamkos           Jake Guentzel            Jordan Eberle            40     1   2  2  
 2 Andrei Loktionov         Andrew Cogliano          Alexander Radulov        30     1   2  2  
 3 Kyle Rau                 Jamie Benn               Tom Wilson               20     1   2  2  
 4 Tomas Nosek              Lawson Crouse            Luke Glendening          10     1   2  2  

5 vs 5 Defense 
   Defense                  Defense                                           Time % Phy DF OF 
 1 Zach Bogosian            Mathew Dumba                                      40     1   2  2  
 2 Olli Maatta              Christopher Tanev                                 30     1   2  2  
 3 Jamie Oleksiak           Anton Lindholm                                    20     1   2  2  
 4 Zach Bogosian            Mathew Dumba                                      10     1   2  2  

PowerPlay Forward 
   Center                   Left Wing                Right Wing               Time % Phy DF OF 
 1 Steven Stamkos           Jake Guentzel            Jordan Eberle            60     1   2  2  
 2 Andrei Loktionov         Andrew Cogliano          Alexander Radulov        40     1   2  2  

PowerPlay Defense
   Defense                  Defense                                           Time % Phy DF OF 
 1 Zach Bogosian            Mathew Dumba                                      60     1   2  2  
 2 Olli Maatta              Christopher Tanev                                 40     1   2  2  

Penalty Kill 4 Players Forward 
   Center                   Wing                     Time % Phy DF OF 
 1 Steven Stamkos           Jake Guentzel            60     1   2  2  
 2 Andrei Loktionov         Andrew Cogliano          40     1   2  2  

Penalty Kill 4 Players Defense
   Defense                  Defense                  Time % Phy DF OF 
 1 Zach Bogosian            Mathew Dumba             60     1   2  2  
 2 Olli Maatta              Christopher Tanev        40     1   2  2  

Penalty Kill - 3 Players Forward 
   Forward                                           Time % Phy DF OF 
 1 Steven Stamkos                                    60     1   2  2  
 2 Andrei Loktionov                                  40     1   2  2  

Penalty Kill - 3 Players Defense
   Defense                  Defense                  Time % Phy DF OF 
 1 Zach Bogosian            Mathew Dumba             60     1   2  2  
 2 Olli Maatta              Christopher Tanev        40     1   2  2  

4 vs 4 Forward 
   Center                   Wing                     Time % Phy DF OF 
 1 Steven Stamkos           Jake Guentzel            60     1   2  2  
 2 Andrei Loktionov         Andrew Cogliano          40     1   2  2  

4 vs 4 Defense
   Defense                  Defense                  Time % Phy DF OF 
 1 Zach Bogosian            Mathew Dumba             60     1   2  2  
 2 Olli Maatta              Christopher Tanev        40     1   2  2  

Last Minutes Offensive
   Center                   Left Wing                Right Wing               Defense                  Defense                  
   Steven Stamkos           Jake Guentzel            Jordan Eberle            Zach Bogosian            Mathew Dumba             

Last Minutes Defensive
   Center                   Left Wing                Right Wing               Defense                  Defense                  
   Steven Stamkos           Jake Guentzel            Jordan Eberle            Zach Bogosian            Mathew Dumba             

Goaltenders
Starting : Ondrej Pavelec           
Backup : Laurent Brossoit         

Extra Forwards
Normal : Andrew Cogliano, Jamie Benn, Alexander Radulov - PP : Andrew Cogliano, Jamie Benn - PK : Andrew Cogliano
Extra Defensemen
Normal : Christopher Tanev, Jamie Oleksiak, Anton Lindholm - PP : Christopher Tanev - PK : Christopher Tanev, Jamie Oleksiak
Penalty Shots
Steven Stamkos, Jordan Eberle, Jake Guentzel, Andrei Loktionov, Andrew Cogliano

Scratches
None


% Time on Ice - Rangers

Lines # - Real PCT - Wanted PCT - Time Play
Normal Forward
1 - 33% - 40% - 18:43
2 - 28% - 30% - 16:02
3 - 21% - 20% - 11:51
4 - 18% - 10% - 10:01
Normal Defense
1 - 35% - 40% - 20:02
2 - 33% - 30% - 18:32
3 - 25% - 20% - 14:07
4 - 7% - 10% - 3:56
PP Forward
1 - 100% - 60% - 0:14
2 - 0% - 40% - 0:00
PP Defense
1 - 14% - 60% - 0:02
2 - 86% - 40% - 0:12
PK Forward
1 - 86% - 60% - 1:42
2 - 14% - 40% - 0:17
PK Defense
1 - 56% - 60% - 1:07
2 - 44% - 40% - 0:52
PK3 Forward
1 - 0% - 60%
2 - 0% - 40%
PK3 Defense
1 - 0% - 60%
2 - 0% - 40%
44 Forward
1 - 0% - 60%
2 - 0% - 40%
44 Defense
1 - 0% - 60%
2 - 0% - 40%
Last Minute Offensive  - 0:00
Last Minute Defensive  - 1:10
Total
Forward - 60:00
Defense - 60:00

% Time on Ice - Golden Knights

Lines # - Real PCT - Wanted PCT - Time Play
Normal Forward
1 - 33% - 40% - 18:27
2 - 28% - 30% - 15:37
3 - 23% - 20% - 12:49
4 - 17% - 10% - 9:40
Normal Defense
1 - 34% - 40% - 19:11
2 - 32% - 30% - 18:09
3 - 28% - 20% - 15:57
4 - 6% - 10% - 3:16
PP Forward
1 - 55% - 60% - 1:06
2 - 45% - 40% - 0:53
PP Defense
1 - 66% - 60% - 1:19
2 - 34% - 40% - 0:40
PK Forward
1 - 100% - 60% - 0:14
2 - 0% - 40% - 0:00
PK Defense
1 - 100% - 60% - 0:14
2 - 0% - 40% - 0:00
PK3 Forward
1 - 0% - 60%
2 - 0% - 40%
PK3 Defense
1 - 0% - 60%
2 - 0% - 40%
44 Forward
1 - 0% - 60%
2 - 0% - 40%
44 Defense
1 - 0% - 60%
2 - 0% - 40%
Last Minute Offensive  - 1:14
Last Minute Defensive  - 0:00
Total
Forward - 60:00
Defense - 60:00

Play-by-Play

1st period


0:01 of 1st period - Steven Stamkos wins face-off versus Sean Couturier in neutral zone.
0:06 of 1st period - Snap shot by Jake Guentzel.
0:06 of 1st period - Stopped by Frederik Andersen without a rebound.
0:07 of 1st period - Steven Stamkos wins face-off versus Sean Couturier in Rangers zone.
0:14 of 1st period - Wrist shot by Steven Stamkos.
0:14 of 1st period - Stopped by Frederik Andersen with a rebound.
0:16 of 1st period - Snap shot by Steven Stamkos.
0:16 of 1st period - Stopped by Frederik Andersen without a rebound.
0:17 of 1st period - Andrei Loktionov wins face-off versus Tomas Hertl in Rangers zone.
1:33 of 1st period - Backhand shot by Milan Lucic.
1:33 of 1st period - Shot Misses the Net.
1:42 of 1st period - Icing by Ryan Strome.
1:43 of 1st period - Andrei Loktionov wins face-off versus Tomas Hertl in Rangers zone.
2:31 of 1st period - Patrik Nemeth is hit by Mathew Dumba and loses puck.
3:20 of 1st period - Ondrej Palat is hit by Alexander Radulov and loses puck.
3:46 of 1st period - Brett Ponich is hit by Jordan Eberle and loses puck.
3:59 of 1st period - Chris Mcallister is hit by Olli Maatta and loses puck.
4:23 of 1st period - Off-side.
4:24 of 1st period - Andrei Loktionov wins face-off versus Henrik Samuelsson in neutral zone.
4:39 of 1st period - Wrist shot by Stefan Noesen.
4:39 of 1st period - Goal by Stefan Noesen - Rangers : 1 - Golden Knights : 0.
4:40 of 1st period - Steven Stamkos wins face-off versus Sean Couturier in neutral zone.
4:42 of 1st period - Off-side.
4:43 of 1st period - Steven Stamkos wins face-off versus Sean Couturier in neutral zone.
5:56 of 1st period - Wrist shot by Stefan Noesen.
5:56 of 1st period - Stopped by Ondrej Pavelec with a rebound.
6:04 of 1st period - Slapshot by Jamie Oleksiak.
6:04 of 1st period - Deflect By Luke Glendening.
6:04 of 1st period - Stopped by Frederik Andersen with a rebound.
6:48 of 1st period - Wrist shot by Andrei Loktionov.
6:48 of 1st period - Deflect By Andrew Cogliano.
6:48 of 1st period - Stopped by Frederik Andersen without a rebound.
6:49 of 1st period - Sean Couturier wins face-off versus Steven Stamkos in Rangers zone.
6:49 of 1st period - Sean Couturier is hit by Jake Guentzel.
7:03 of 1st period - Wrist shot by Steven Stamkos.
7:03 of 1st period - Stopped by Frederik Andersen with a rebound.
7:05 of 1st period - Slapshot by Zach Bogosian.
7:05 of 1st period - Shot Blocked by Sean Couturier.
8:06 of 1st period - Slapshot by Devante Smith-Pelly.
8:06 of 1st period - Shot Misses the Net.
8:36 of 1st period - Snap shot by Chris Mcallister.
8:36 of 1st period - Shot Misses the Net.
8:46 of 1st period - Brett Ponich is hit by Tom Wilson and loses puck.
9:22 of 1st period - Wrist shot by Richard Panik.
9:22 of 1st period - Shot Misses the Net.
9:28 of 1st period - Wrist shot by Jordan Eberle.
9:28 of 1st period - Stopped by Frederik Andersen without a rebound.
9:29 of 1st period - Steven Stamkos wins face-off versus Maxime Sauvé in Rangers zone.
9:30 of 1st period - Slapshot by Jake Guentzel.
9:30 of 1st period - Shot Blocked by Dmitry Kulikov.
10:02 of 1st period - Snap shot by Richard Panik.
10:02 of 1st period - Shot Blocked by Olli Maatta.
10:46 of 1st period - Snap shot by Steven Stamkos.
10:46 of 1st period - Shot Misses the Net.
10:58 of 1st period - Wrist shot by Richard Panik.
10:58 of 1st period - Stopped by Ondrej Pavelec with a rebound.
11:00 of 1st period - Snap shot by Maxime Sauvé.
11:00 of 1st period - Stopped by Ondrej Pavelec with a rebound.
11:02 of 1st period - Slapshot by Chris Mcallister.
11:02 of 1st period - Deflect By Richard Panik.
11:02 of 1st period - Goal by Richard Panik - Rangers : 2 - Golden Knights : 0.
11:03 of 1st period - Sean Couturier wins face-off versus Andrei Loktionov in neutral zone.
11:06 of 1st period - Wrist shot by Ryan Strome.
11:06 of 1st period - Stopped by Ondrej Pavelec with a rebound.
11:19 of 1st period - Off-side.
11:20 of 1st period - Kyle Rau wins face-off versus Tomas Hertl in neutral zone.
12:37 of 1st period - Slapshot by Zach Bogosian.
12:37 of 1st period - Stopped by Frederik Andersen with a rebound.
12:52 of 1st period - Icing by T.J Galiardi.
12:53 of 1st period - Henrik Samuelsson wins face-off versus Andrew Cogliano in Rangers zone.
13:04 of 1st period - Wrist shot by Andrei Loktionov.
13:04 of 1st period - Stopped by Frederik Andersen with a rebound.
13:18 of 1st period - Stefan Noesen is hit by Jamie Oleksiak and loses puck.
13:39 of 1st period - Slapshot by Ryan Strome.
13:39 of 1st period - Stopped by Ondrej Pavelec with a rebound.
13:41 of 1st period - Snap shot by Dmitry Kulikov.
13:41 of 1st period - Stopped by Ondrej Pavelec without a rebound.
13:42 of 1st period - Tomas Nosek wins face-off versus Sean Couturier in Golden Knights zone.
14:05 of 1st period - Christopher Tanev is hit by Sean Couturier and loses puck.
14:27 of 1st period - Snap shot by Lawson Crouse.
14:27 of 1st period - Shot Misses the Net.
14:35 of 1st period - Slapshot by Mathew Dumba.
14:35 of 1st period - Shot Blocked by Cale Makar.
15:10 of 1st period - Snap shot by Milan Lucic.
15:10 of 1st period - Shot Misses the Net.
15:28 of 1st period - Slapshot by Milan Lucic.
15:28 of 1st period - Stopped by Ondrej Pavelec without a rebound.
15:29 of 1st period - Andrei Loktionov wins face-off versus Tomas Hertl in Golden Knights zone.
15:58 of 1st period - Snap shot by Ondrej Palat.
15:58 of 1st period - Shot Misses the Net.
16:00 of 1st period - Snap shot by Richard Panik.
16:00 of 1st period - Stopped by Ondrej Pavelec with a rebound.
16:02 of 1st period - Snap shot by Chris Mcallister.
16:02 of 1st period - Stopped by Ondrej Pavelec without a rebound.
16:03 of 1st period - Maxime Sauvé wins face-off versus Jordan Eberle in Golden Knights zone.
16:38 of 1st period - Snap shot by Devante Smith-Pelly.
16:38 of 1st period - Shot Blocked by Jamie Oleksiak.
16:40 of 1st period - Wrist shot by Ondrej Palat.
16:40 of 1st period - Shot Misses the Net.
16:42 of 1st period - Slapshot by Jake McCabe.
16:42 of 1st period - Stopped by Ondrej Pavelec with a rebound.
16:59 of 1st period - Icing by Kyle Rau.
17:00 of 1st period - Kyle Rau wins face-off versus Tomas Hertl in Golden Knights zone.
17:15 of 1st period - Snap shot by Jamie Benn.
17:15 of 1st period - Shot Misses the Net.
17:27 of 1st period - Anton Lindholm is hit by Stefan Noesen and loses puck.
17:56 of 1st period - Henrik Samuelsson is hit by Jamie Benn and loses puck.
18:15 of 1st period - Wrist shot by Jamie Benn.
18:15 of 1st period - Stopped by Frederik Andersen without a rebound.
18:16 of 1st period - Steven Stamkos wins face-off versus Sean Couturier in Rangers zone.
18:41 of 1st period - Cale Makar is hit by Andrei Loktionov and loses puck.
19:37 of 1st period - Andrei Loktionov is hit by Devante Smith-Pelly and loses puck.
Goals for this period are 2 for Rangers vs 0 for Golden Knights.
Shots for this period are 12 for Rangers vs 10 for Golden Knights.

2nd period


0:01 of 2nd period - Steven Stamkos wins face-off versus Sean Couturier in neutral zone.
0:04 of 2nd period - Slapshot by Mathew Dumba.
0:04 of 2nd period - Stopped by Frederik Andersen with a rebound.
0:06 of 2nd period - Wrist shot by Jordan Eberle.
0:06 of 2nd period - Stopped by Frederik Andersen without a rebound.
0:07 of 2nd period - Steven Stamkos wins face-off versus Sean Couturier in Rangers zone.
0:08 of 2nd period - Wrist shot by Jordan Eberle.
0:08 of 2nd period - Shot Misses the Net.
0:10 of 2nd period - Snap shot by Jake Guentzel.
0:10 of 2nd period - Shot Blocked by Jake McCabe.
0:12 of 2nd period - Snap shot by Steven Stamkos.
0:12 of 2nd period - Stopped by Frederik Andersen without a rebound.
0:13 of 2nd period - Sean Couturier wins face-off versus Steven Stamkos in Rangers zone.
0:18 of 2nd period - Snap shot by Sean Couturier.
0:18 of 2nd period - Shot Blocked by Mathew Dumba.
0:20 of 2nd period - Snap shot by Milan Lucic.
0:20 of 2nd period - Shot Misses the Net.
0:46 of 2nd period - Jake McCabe is hit by Andrei Loktionov and loses puck.
1:01 of 2nd period - Cale Makar is hit by Anton Lindholm and loses puck.
1:26 of 2nd period - Wrist shot by Milan Lucic.
1:26 of 2nd period - Stopped by Ondrej Pavelec with a rebound.
2:08 of 2nd period - Tomas Hertl is hit by Andrew Cogliano and loses puck.
2:49 of 2nd period - Backhand shot by Lawson Crouse.
2:49 of 2nd period - Stopped by Frederik Andersen with a rebound.
3:30 of 2nd period - Steven Stamkos is hit by Ondrej Palat and loses puck.
3:59 of 2nd period - Wrist shot by Steven Stamkos.
3:59 of 2nd period - Shot Misses the Net.
4:01 of 2nd period - Snap shot by Steven Stamkos.
4:01 of 2nd period - Stopped by Frederik Andersen with a rebound.
4:03 of 2nd period - Wrist shot by Mathew Dumba.
4:03 of 2nd period - Shot Blocked by Cale Makar.
4:05 of 2nd period - Slapshot by Zach Bogosian.
4:05 of 2nd period - Shot Hit the Post.
4:07 of 2nd period - Slapshot by Mathew Dumba.
4:07 of 2nd period - Stopped by Frederik Andersen with a rebound.
4:09 of 2nd period - Slapshot by Steven Stamkos.
4:09 of 2nd period - Stopped by Frederik Andersen with a rebound.
4:11 of 2nd period - Snap shot by Steven Stamkos.
4:11 of 2nd period - Shot Misses the Net.
4:38 of 2nd period - Snap shot by Tomas Hertl.
4:38 of 2nd period - Shot Misses the Net.
5:04 of 2nd period - Slapshot by Jake Guentzel.
5:04 of 2nd period - Stopped by Frederik Andersen with a rebound.
5:32 of 2nd period - Wrist shot by Ondrej Palat.
5:32 of 2nd period - Stopped by Ondrej Pavelec without a rebound.
5:33 of 2nd period - Sean Couturier wins face-off versus Andrei Loktionov in Golden Knights zone.
6:28 of 2nd period - Wrist shot by Lawson Crouse.
6:28 of 2nd period - Stopped by Frederik Andersen with a rebound.
6:50 of 2nd period - Josh Gorges is hit by Andrei Loktionov and loses puck.
7:31 of 2nd period - Wrist shot by Chris Mcallister.
7:31 of 2nd period - Stopped by Ondrej Pavelec without a rebound.
7:32 of 2nd period - Tomas Nosek wins face-off versus Maxime Sauvé in Golden Knights zone.
7:32 of 2nd period - Tomas Nosek is hit by Richard Panik.
7:38 of 2nd period - Luke Glendening is hit by Patrik Nemeth and loses puck.
7:59 of 2nd period - Snap shot by Stefan Noesen.
7:59 of 2nd period - Shot Misses the Net.
8:20 of 2nd period - Minor Penalty to Christopher Tanev for High sticking.
8:21 of 2nd period - Sean Couturier wins face-off versus Steven Stamkos in Golden Knights zone.
8:30 of 2nd period - Snap shot by Sean Couturier.
8:30 of 2nd period - Shot Misses the Net.
8:32 of 2nd period - Wrist shot by Sean Couturier.
8:32 of 2nd period - Stopped by Ondrej Pavelec without a rebound.
8:33 of 2nd period - Sean Couturier wins face-off versus Steven Stamkos in Golden Knights zone.
8:34 of 2nd period - Backhand shot by Milan Lucic.
8:34 of 2nd period - Goal by Milan Lucic - Rangers : 3 - Golden Knights : 0.
8:35 of 2nd period - Milan Lucic wins face-off versus Andrei Loktionov in neutral zone.
8:42 of 2nd period - Slapshot by Milan Lucic.
8:42 of 2nd period - Stopped by Ondrej Pavelec with a rebound.
8:52 of 2nd period - Slapshot by Mathew Dumba.
8:52 of 2nd period - Stopped by Frederik Andersen without a rebound.
8:53 of 2nd period - Tomas Hertl wins face-off versus Steven Stamkos in Rangers zone.
9:48 of 2nd period - Slapshot by Christopher Tanev.
9:48 of 2nd period - Deflect By Cale Makar.
9:48 of 2nd period - Goal by Christopher Tanev - Rangers : 3 - Golden Knights : 1.
9:49 of 2nd period - Andrei Loktionov wins face-off versus Sean Couturier in neutral zone.
9:51 of 2nd period - Mathew Dumba is hit by Patrik Nemeth and loses puck.
10:21 of 2nd period - Tomas Hertl is hit by Olli Maatta and loses puck.
10:42 of 2nd period - Snap shot by Chris Mcallister.
10:42 of 2nd period - Shot Blocked by Olli Maatta.
11:02 of 2nd period - Backhand shot by Lawson Crouse.
11:02 of 2nd period - Goal by Lawson Crouse - Rangers : 3 - Golden Knights : 2.
11:03 of 2nd period - Jordan Eberle wins face-off versus Sean Couturier in neutral zone.
11:06 of 2nd period - Sean Couturier is hit by Steven Stamkos and loses puck.
11:17 of 2nd period - Wrist shot by Milan Lucic.
11:17 of 2nd period - Stopped by Ondrej Pavelec without a rebound.
11:18 of 2nd period - Ondrej Palat wins face-off versus Andrei Loktionov in Golden Knights zone.
11:19 of 2nd period - Slapshot by Cale Makar.
11:19 of 2nd period - Deflect By Alexander Radulov.
11:19 of 2nd period - Stopped by Ondrej Pavelec without a rebound.
11:20 of 2nd period - Tomas Hertl wins face-off versus Andrei Loktionov in Golden Knights zone.
11:23 of 2nd period - Slapshot by Cale Makar.
11:23 of 2nd period - Shot Blocked by Zach Bogosian.
11:25 of 2nd period - Snap shot by Devante Smith-Pelly.
11:25 of 2nd period - Shot Misses the Net.
11:27 of 2nd period - Slapshot by Tomas Hertl.
11:27 of 2nd period - Stopped by Ondrej Pavelec without a rebound.
11:28 of 2nd period - Andrei Loktionov wins face-off versus Tomas Hertl in Golden Knights zone.
11:37 of 2nd period - Slapshot by Andrei Loktionov.
11:37 of 2nd period - Stopped by Frederik Andersen with a rebound.
12:09 of 2nd period - Backhand shot by Tomas Hertl.
12:09 of 2nd period - Shot Blocked by Mathew Dumba.
12:11 of 2nd period - Snap shot by Ondrej Palat.
12:11 of 2nd period - Deflect By Devante Smith-Pelly.
12:11 of 2nd period - Stopped by Ondrej Pavelec without a rebound.
12:12 of 2nd period - Steven Stamkos wins face-off versus Milan Lucic in Golden Knights zone.
12:32 of 2nd period - Icing by Brett Ponich.
12:33 of 2nd period - Kyle Rau wins face-off versus Sean Couturier in Rangers zone.
12:48 of 2nd period - Slapshot by Zach Bogosian.
12:48 of 2nd period - Stopped by Frederik Andersen with a rebound.
13:00 of 2nd period - Snap shot by Ondrej Palat.
13:00 of 2nd period - Deflect By Devante Smith-Pelly.
13:00 of 2nd period - Stopped by Ondrej Pavelec with a rebound.
13:02 of 2nd period - Snap shot by Devante Smith-Pelly.
13:02 of 2nd period - Goal by Devante Smith-Pelly - Rangers : 4 - Golden Knights : 2.
13:03 of 2nd period - Ryan Strome wins face-off versus Steven Stamkos in neutral zone.
13:30 of 2nd period - Devante Smith-Pelly is hit by Alexander Radulov.
13:53 of 2nd period - Patrik Nemeth is hit by Christopher Tanev and loses puck.
14:16 of 2nd period - Snap shot by Henrik Samuelsson.
14:16 of 2nd period - Stopped by Ondrej Pavelec without a rebound.
14:17 of 2nd period - Steven Stamkos wins face-off versus Sean Couturier in Golden Knights zone.
14:20 of 2nd period - Slapshot by Cale Makar.
14:20 of 2nd period - Stopped by Ondrej Pavelec without a rebound.
14:21 of 2nd period - Steven Stamkos wins face-off versus Sean Couturier in Golden Knights zone.
14:32 of 2nd period - Snap shot by Steven Stamkos.
14:32 of 2nd period - Shot Blocked by Milan Lucic.
14:34 of 2nd period - Snap shot by Steven Stamkos.
14:34 of 2nd period - Stopped by Frederik Andersen with a rebound.
15:20 of 2nd period - Snap shot by Stefan Noesen.
15:20 of 2nd period - Deflect By Andrei Loktionov.
15:20 of 2nd period - Stopped by Ondrej Pavelec with a rebound.
15:22 of 2nd period - Snap shot by Patrik Nemeth.
15:22 of 2nd period - Stopped by Ondrej Pavelec without a rebound.
15:23 of 2nd period - Steven Stamkos wins face-off versus Sean Couturier in Golden Knights zone.
15:48 of 2nd period - Ondrej Palat is hit by Mathew Dumba.
16:16 of 2nd period - Maxime Sauvé is hit by Olli Maatta and loses puck.
16:31 of 2nd period - Snap shot by Luke Glendening.
16:31 of 2nd period - Stopped by Frederik Andersen without a rebound.
16:32 of 2nd period - Sean Couturier wins face-off versus Alexander Radulov in Rangers zone.
16:47 of 2nd period - Slapshot by Cale Makar.
16:47 of 2nd period - Stopped by Ondrej Pavelec without a rebound.
16:48 of 2nd period - Tomas Hertl wins face-off versus Steven Stamkos in Golden Knights zone.
16:57 of 2nd period - Wrist shot by Cale Makar.
16:57 of 2nd period - Shot Misses the Net.
16:59 of 2nd period - Slapshot by Cale Makar.
16:59 of 2nd period - Stopped by Ondrej Pavelec without a rebound.
17:00 of 2nd period - Steven Stamkos wins face-off versus Sean Couturier in Golden Knights zone.
17:13 of 2nd period - Backhand shot by Steven Stamkos.
17:13 of 2nd period - Shot Misses the Net.
17:27 of 2nd period - Tomas Hertl is hit by Zach Bogosian and loses puck.
17:32 of 2nd period - Backhand shot by Andrew Cogliano.
17:32 of 2nd period - Deflect By Andrei Loktionov.
17:32 of 2nd period - Shot Misses the Net.
17:32 of 2nd period - Puck is out of play.
17:33 of 2nd period - Tomas Hertl wins face-off versus Andrei Loktionov in Rangers zone.
18:00 of 2nd period - Christopher Tanev is hit by Ryan Strome and loses puck.
18:17 of 2nd period - Snap shot by Jamie Benn.
18:17 of 2nd period - Shot Misses the Net.
18:29 of 2nd period - Chris Mcallister is hit by Jamie Benn and loses puck.
19:05 of 2nd period - Slapshot by Cale Makar.
19:05 of 2nd period - Shot Misses the Net.
Goals for this period are 2 for Rangers vs 2 for Golden Knights.
Shots for this period are 18 for Rangers vs 16 for Golden Knights.

3rd period


0:01 of 3rd period - Sean Couturier wins face-off versus Steven Stamkos in neutral zone.
0:04 of 3rd period - Snap shot by Sean Couturier.
0:04 of 3rd period - Stopped by Ondrej Pavelec with a rebound.
0:31 of 3rd period - Snap shot by Ryan Strome.
0:31 of 3rd period - Shot Misses the Net.
0:37 of 3rd period - Slapshot by Ryan Strome.
0:37 of 3rd period - Stopped by Ondrej Pavelec with a rebound.
0:39 of 3rd period - Snap shot by Milan Lucic.
0:39 of 3rd period - Shot Blocked by Mathew Dumba.
0:41 of 3rd period - Snap shot by Ryan Strome.
0:41 of 3rd period - Shot Misses the Net.
0:43 of 3rd period - Slapshot by Dmitry Kulikov.
0:43 of 3rd period - Stopped by Ondrej Pavelec with a rebound.
0:45 of 3rd period - Snap shot by Dmitry Kulikov.
0:45 of 3rd period - Shot Hit the Post.
0:49 of 3rd period - Slapshot by Ryan Strome.
0:49 of 3rd period - Shot Misses the Net.
0:51 of 3rd period - Slapshot by Brett Ponich.
0:51 of 3rd period - Stopped by Ondrej Pavelec without a rebound.
0:52 of 3rd period - Steven Stamkos wins face-off versus Tomas Hertl in Golden Knights zone.
1:05 of 3rd period - Wrist shot by Jordan Eberle.
1:05 of 3rd period - Shot Hit the Post.
1:59 of 3rd period - Devante Smith-Pelly is hit by Jamie Oleksiak and loses puck.
3:20 of 3rd period - Wrist shot by Kyle Rau.
3:20 of 3rd period - Shot Blocked by Cale Makar.
5:08 of 3rd period - Wrist shot by Luke Glendening.
5:08 of 3rd period - Deflect By Milan Lucic.
5:08 of 3rd period - Stopped by Frederik Andersen with a rebound.
5:18 of 3rd period - Slapshot by Dmitry Kulikov.
5:18 of 3rd period - Shot Misses the Net.
5:20 of 3rd period - Wrist shot by Maxime Sauvé.
5:20 of 3rd period - Stopped by Ondrej Pavelec without a rebound.
5:21 of 3rd period - Andrei Loktionov wins face-off versus Maxime Sauvé in Golden Knights zone.
6:06 of 3rd period - Wrist shot by Andrew Cogliano.
6:06 of 3rd period - Stopped by Frederik Andersen with a rebound.
6:08 of 3rd period - Snap shot by Andrew Cogliano.
6:08 of 3rd period - Goal by Andrew Cogliano - Rangers : 4 - Golden Knights : 3.
6:09 of 3rd period - Steven Stamkos wins face-off versus Sean Couturier in neutral zone.
6:22 of 3rd period - Snap shot by Jordan Eberle.
6:22 of 3rd period - Shot Misses the Net.
7:02 of 3rd period - Lawson Crouse is hit by Jake McCabe and loses puck.
7:45 of 3rd period - Snap shot by Milan Lucic.
7:45 of 3rd period - Shot Misses the Net.
8:19 of 3rd period - Snap shot by Lawson Crouse.
8:19 of 3rd period - Stopped by Frederik Andersen with a rebound.
8:25 of 3rd period - Luke Glendening is hit by Chris Mcallister and loses puck.
8:46 of 3rd period - Wrist shot by Ryan Strome.
8:46 of 3rd period - Shot Blocked by Anton Lindholm.
8:58 of 3rd period - Anton Lindholm is hit by Henrik Samuelsson and loses puck.
9:03 of 3rd period - Snap shot by Henrik Samuelsson.
9:03 of 3rd period - Shot Blocked by Jamie Oleksiak.
9:05 of 3rd period - Snap shot by Stefan Noesen.
9:05 of 3rd period - Shot Misses the Net.
9:07 of 3rd period - Wrist shot by Stefan Noesen.
9:07 of 3rd period - Stopped by Ondrej Pavelec without a rebound.
9:08 of 3rd period - Sean Couturier wins face-off versus Andrei Loktionov in Golden Knights zone.
9:21 of 3rd period - Milan Lucic is hit by Andrei Loktionov and loses puck.
9:55 of 3rd period - Christopher Tanev is hit by Chris Mcallister.
10:28 of 3rd period - Henrik Samuelsson is hit by Olli Maatta and loses puck.
10:43 of 3rd period - Wrist shot by Milan Lucic.
10:43 of 3rd period - Shot Blocked by Olli Maatta.
10:45 of 3rd period - Slapshot by Jake McCabe.
10:45 of 3rd period - Shot Blocked by Olli Maatta.
11:08 of 3rd period - Snap shot by Steven Stamkos.
11:08 of 3rd period - Stopped by Frederik Andersen without a rebound.
11:09 of 3rd period - Jordan Eberle wins face-off versus Sean Couturier in Rangers zone.
11:36 of 3rd period - Andrei Loktionov is hit by Tomas Hertl.
11:40 of 3rd period - Andrei Loktionov is hit by Devante Smith-Pelly.
12:46 of 3rd period - Slapshot by Ryan Strome.
12:46 of 3rd period - Shot Misses the Net.
12:56 of 3rd period - Minor Penalty to Ryan Strome for Hooking.
12:57 of 3rd period - Steven Stamkos wins face-off versus Sean Couturier in Rangers zone.
13:02 of 3rd period - Snap shot by Zach Bogosian.
13:02 of 3rd period - Stopped by Frederik Andersen without a rebound.
13:03 of 3rd period - Sean Couturier wins face-off versus Steven Stamkos in Rangers zone.
14:56 of 3rd period - Penalty to Ryan Strome is over, Ryan Strome is back on ice.
15:05 of 3rd period - Jamie Benn is hit by Ondrej Palat and loses puck.
15:14 of 3rd period - Tomas Hertl is hit by Tom Wilson and loses puck.
16:03 of 3rd period - Brett Ponich is hit by Jake Guentzel and loses puck.
16:27 of 3rd period - Off-side.
16:28 of 3rd period - Sean Couturier wins face-off versus Tom Wilson in neutral zone.
16:41 of 3rd period - Wrist shot by Ryan Strome.
16:41 of 3rd period - Shot Misses the Net.
16:55 of 3rd period - Jake Guentzel is hit by Dmitry Kulikov and loses puck.
18:52 of 3rd period - Golden Knights, Ondrej Pavelec is pulled from the net.
18:54 of 3rd period - Slapshot by Jake Guentzel.
18:54 of 3rd period - Stopped by Frederik Andersen with a rebound.
18:56 of 3rd period - Wrist shot by Steven Stamkos.
18:56 of 3rd period - Stopped by Frederik Andersen with a rebound.
19:00 of 3rd period - Snap shot by Jordan Eberle.
19:00 of 3rd period - Shot Blocked by Dmitry Kulikov.
19:02 of 3rd period - Wrist shot by Jordan Eberle.
19:02 of 3rd period - Stopped by Frederik Andersen without a rebound.
19:03 of 3rd period - Guy Boucher call a timeout for Golden Knights.
19:03 of 3rd period - Steven Stamkos wins face-off versus Sean Couturier in Rangers zone.
19:28 of 3rd period - Wrist shot by Jake Guentzel.
19:28 of 3rd period - Stopped by Frederik Andersen without a rebound.
19:29 of 3rd period - Steven Stamkos wins face-off versus Sean Couturier in Rangers zone.
19:38 of 3rd period - Wrist shot by Jake Guentzel.
19:38 of 3rd period - Shot Misses the Net.
19:46 of 3rd period - Slapshot by Jake Guentzel.
19:46 of 3rd period - Stopped by Frederik Andersen without a rebound.
19:47 of 3rd period - Steven Stamkos wins face-off versus Sean Couturier in Rangers zone.
Goals for this period are 0 for Rangers vs 1 for Golden Knights.
Shots for this period are 6 for Rangers vs 11 for Golden Knights.